 Dungeon Crawl Stone Soup version 0.27.1-34-g3ba077fa99 (webtiles) character file.

Game seed: 11041886303737896926

302346 zeram the Peltast (level 21, -3/117 (133) HPs)
             Began as a Gargoyle Fighter on Jan 24, 2022.
             Was the Champion of Qazlal.
             Killed from afar by a deep elf death mage (12 damage)
             ... with a bolt of negative energy
             ... on level 3 of the Elven Halls.
             The game lasted 01:34:00 (36543 turns).

zeram the Peltast (Gargoyle Fighter)               Turns: 36543, Time: 01:34:00

HP:   -3/117 (133)  AC: 49    Str: 37    XL:     21   Next: 6%
MP:   21/21         EV: 12    Int: 12    God:    Qazlal [******]
Gold: 1422          SH: 32    Dex:  9    Spells: 20/20 levels left

rFire    + + .     SeeInvis +   a - +12 spear "Ytiagruf" {vamp, rF+ rC+ Str+4}
rCold    + + .     Faith    .   c - +2 kite shield
rNeg     + . .     Spirit   .   b - +3 plate armour {rF+}
rPois    ∞         Reflect  +   l - +1 hat {Will+}
rElec    +         Harm     .   S - +1 cloak
rCorr    .         Rampage  .   q - +2 pair of gloves
Will     +++..                  u - +2 pair of boots
Stlth    ..........             O - amulet of the Many Howling Bones {Reflect Drain Str+6 SH+5}
HPRegen  0.29/turn              A - ring of see invisible
MPRegen  0.17/turn              N - ring "Rorrefuh" {rC+ Will+ Slay+4}

@: about to teleport, flying, studying Earth Magic, heavily drained, repel
missiles
A: sickness immunity, AC +16, big wings, negative energy resistance 1,
electricity resistance, torment resistance 1, petrification resistance
}: 2/15 runes: decaying, serpentine
a: Renounce Religion, Upheaval, Elemental Force, Disaster Area


You were on level 3 of the Elven Halls.
You worshipped Qazlal.
Qazlal was exalted by your worship.
You visited 6 branches of the dungeon, and saw 32 of its levels.
You also visited: Gauntlet and Ice Cave.

You collected 4651 gold pieces.
You spent 3229 gold pieces at shops.

Inventory:

Hand Weapons
 a - the +12 spear "Ytiagruf" (weapon) {vamp, rF+ rC+ Str+4}
   (You found it in a Gauntlet)

   It occasionally heals its wielder for a portion of the damage dealt when it
   wounds a living foe.
   Str:       It affects your strength (+4).
   rF:        It protects you from fire.
   rC:        It protects you from cold.
 i - a +5 whip of electrocution
 Z - the +7 lajatang of Order {silver, rMut}
   (You found it on level 3 of the Elven Halls)

   It inflicts extra damage upon those it strikes, and deals substantially
   increased damage to chaotic, mutated and magically transformed beings.
   rMut:      It protects you from mutation.
Missiles
 E - 5 curare-tipped darts (quivered)
Armour
 b - a +3 plate armour of fire resistance (worn)
 c - a +2 kite shield (worn)
 l - a +1 hat of willpower (worn)
 m - +2 ice dragon scales
 q - a +2 pair of gloves (worn)
 t - a +1 plate armour
 u - a +2 pair of boots (worn)
 L - +0 swamp dragon scales
 S - a +1 cloak (worn)
 W - +3 storm dragon scales {Bai Suzhen}
Jewellery
 f - a +4 ring of evasion
 n - a +4 ring of evasion
 o - a ring of protection from cold
 s - the ring of the Mage {Wiz Will++ Int+3}
   (You found it in an ice cave)

   [ring of wizardry]

   It improves your spell success rate.
   Int:       It affects your intelligence (+3).
   Will:      It greatly increases your willpower.
 A - a ring of see invisible (left hand)
 D - a +6 ring of strength
 K - a ring of protection from fire
 N - the ring "Rorrefuh" (right hand) {rC+ Will+ Slay+4}
   (You bought it in a shop on level 2 of the Orcish Mines)

   [ring of protection from cold]

   Slay:      It affects your accuracy & damage with ranged weapons and melee
   (+4).
   rC:        It protects you from cold.
   Will:      It increases your willpower.
 O - the amulet of the Many Howling Bones (around neck) {Reflect Drain Str+6 SH+5}
   (You found it in a Gauntlet)

   [amulet of reflection]

   It reflects blocked missile attacks.
   Str:       It affects your strength (+6).
   Drain:     It drains your maximum health when unequipped.
   SH:        It affects your SH (+5).
 Q - an amulet of regeneration
 T - a +4 ring of protection
 U - a ring of protection from cold
 V - a ring of wizardry
 X - a ring of protection from cold
 Y - a ring of wizardry
Wands
 g - a wand of paralysis (41)
 j - a wand of flame (87)
 k - a wand of digging (4)
 r - a wand of iceblast (62)
 w - a wand of mindburst (36)
 B - a wand of polymorph (24)
 J - a wand of charming (9)
Scrolls
 e - 13 scrolls of identify
 h - 8 scrolls of fog
 p - 7 scrolls of amnesia
 y - a scroll of summoning
 z - 10 scrolls of teleportation
 C - 4 scrolls of blinking
 G - 3 scrolls of enchant weapon
 M - 2 scrolls of silence
 P - 3 scrolls of holy word
 R - 2 scrolls of fear
Potions
 d - 6 potions of curing
 v - 5 potions of haste
 x - 4 potions of brilliance
 F - 6 potions of ambrosia
 H - 8 potions of might
 I - a potion of magic


   Skills:
 + Level 14.8 Fighting
 + Level 11.4 Maces & Flails
 * Level 16.9 Polearms
 * Level 19.2 Armour
 * Level 11.4 Dodging
 - Level 20.8 Shields


You had 20 spell levels left.
You didn't know any spells.
Your spell library contained the following spells:

 Spells                   Type           Power      Damage    Failure   Level
 Animate Skeleton         Necr           0%         N/A       73%         1
 Apportation              Tloc           0%         N/A       73%         1
 Beastly Appendage        Tmut           0%         N/A       73%         1
 Corona                   Hex            0%         N/A       73%         1
 Magic Dart               Conj           0%         1d3       73%         1
 Pain                     Necr           0%         1d4       73%         1
 Shock                    Conj/Air       0%         1d3       73%         1
 Sting                    Tmut/Pois      0%         1d3       73%         1
 Summon Small Mammal      Summ           0%         N/A       73%         1
 Blink                    Tloc           N/A        N/A       86%         2
 Call Imp                 Summ           0%         N/A       86%         2
 Corpse Rot               Necr/Air       N/A        N/A       86%         2
 Passwall                 Tmut/Erth      0%         N/A       86%         2
 Poisonous Vapours        Pois/Air       0%         N/A       86%         2
 Slow                     Hex            0%         N/A       86%         2
 Wereblood                Tmut           0%         N/A       86%         2
 Confusing Touch          Hex            0%         N/A       97%         3
 Dazzling Flash           Conj/Hex       0%         N/A       97%         3
 Frozen Ramparts          Ice            0%         1d2       97%         3
 Gell's Gravitas          Tloc           0%         N/A       97%         3
 Ignite Poison            Fire/Tmut/Pois 0%         N/A       97%         3
 Lesser Beckoning         Tloc           0%         N/A       97%         3
 Mephitic Cloud           Conj/Pois/Air  0%         N/A       97%         3
 Ozocubu's Armour         Ice            0%         N/A       97%         3
 Stone Arrow              Conj/Erth      0%         3d7       97%         3
 Swiftness                Air            0%         N/A       97%         3
 Teleport Other           Tloc           0%         N/A       97%         3
 Vampiric Draining        Necr           0%         2d6       97%         3
 Airstrike                Air            0%         N/A       100%        4
 Cause Fear               Hex            0%         N/A       100%        4
 Fulminant Prism          Conj/Hex       0%         3d6       100%        4
 Hailstorm                Conj/Ice       0%         3d3       100%        4
 Ice Form                 Ice/Tmut       0%         N/A       100%        4
 Iskenderun's Mystic Bla  Conj/Tloc      0%         2d3       100%        4
 Olgreb's Toxic Radiance  Pois           0%         N/A       100%        4
 Summon Ice Beast         Ice/Summ       0%         N/A       100%        4
 Bolt of Magma            Conj/Fire/Erth 0%         4d4       100%        5
 Freezing Cloud           Conj/Ice/Air   0%         6-21      100%        5
 Lee's Rapid Deconstruct  Erth           0%         3d5*      100%        5
 Manifold Assault         Tloc           0%         N/A       100%        5
 Summon Forest            Summ/Tloc      0%         N/A       100%        5
 Summon Mana Viper        Hex/Summ       0%         N/A       100%        5
 Yara's Violent Unravell  Hex/Tmut       0%         3d3       100%        5
 Conjure Ball Lightning   Conj/Air       0%         3x3d6     100%        6
 Invisibility             Hex            0%         N/A       100%        6
 Shadow Creatures         Summ           N/A        N/A       100%        6
 Simulacrum               Ice/Necr       0%         N/A       100%        6
 Starburst                Conj/Fire      0%         6d3       100%        6
 Dragon Form              Tmut           0%         N/A       100%        7
 Ozocubu's Refrigeration  Ice            0%         4d5       100%        7
 Summon Hydra             Summ           0%         N/A       100%        7
 Discord                  Hex            0%         N/A       100%        8
 Disjunction              Tloc           0%         N/A       100%        8
 Dragon's Call            Summ           0%         N/A       100%        9
 Shatter                  Erth           0%         3d5*      100%        9
 Sublimation of Blood     Necr           Unusable   N/A       N/A         2
 Statue Form              Tmut/Erth      Unusable   N/A       N/A         6

Dungeon Overview and Level Annotations

Branches:
Dungeon (13/15)            Temple (0/1) D:7            Lair (6/6) D:8
  Swamp (4/4) Lair:2        Snake (4/4) Lair:2        Slime (0/5) Lair:5
    Orc (2/2) D:11            Elf (3/3) Orc:2         IceCv (visited)
Gauntlet (visited)
 Vaults: D:13-14

Altars:
Cheibriados
Dithmenos
Elyvilon
Fedhas
Makhleb
Nemelex Xobeh
Qazlal
Ru
Sif Muna
Trog
Uskayaw
Xom
Yredelemnul
Beogh

Shops:
D:2 [([   D:6 :   D:7 *   D:13 =*   Orc:2 ?*=*!   Elf:2 (   Snake:1 :(:*?

Portals:
Trove: D:11 (give 16 potions of curing)

Annotations:
D:3 exclusion: oklob plant
D:6 2 transporters


Innate Abilities, Weirdness & Mutations

You are immune to sickness and miasma.
Your stone body is resilient. (AC +16)
You are immune to poison.
Your large and strong wings let you fly.
You resist negative energy. (rN+)
You are resistant to electric shocks. (rElec)
You are resistant to unholy torment.
You are immune to petrification.


Message History

The deep elf demonologist convulses!
The deep elf death mage convulses!
Your body is wracked with pain!
* * * LOW HITPOINT WARNING * * *
The lorocyproca is engulfed in freezing vapours.
Unknown command.
The Tzitzimitl calls on the powers of darkness!
The deep elf demonologist convulses!
The deep elf death mage convulses!
Your body is wracked with pain!
* * * LOW HITPOINT WARNING * * *
The deep elf death mage casts a spell at you.
The bolt of negative energy hits the Tzitzimitl.
The Tzitzimitl completely resists.
The bolt of negative energy misses the sixfirhy.
The bolt of negative energy hits you! You partially resist.
You feel drained.
* * * LOW HITPOINT WARNING * * *
The lorocyproca is engulfed in freezing vapours.
You block the sixfirhy's attack.
The lorocyproca is engulfed in freezing vapours.
The deep elf death mage gestures at you while chanting.
The bolt of negative energy hits the balrug.
The balrug completely resists.
The bolt of negative energy hits the Tzitzimitl.
The Tzitzimitl completely resists.
The bolt of negative energy hits the sixfirhy.
The sixfirhy completely resists.
The bolt of negative energy hits you but does no damage.
You partially resist.
Things that are here:
a +0 long sword; an elf corpse You feel better.
You block the sixfirhy's attack. x3
The sixfirhy hits you but does no damage.
The deep elf death mage gestures at you while chanting.
The bolt of negative energy hits the balrug.
The balrug completely resists.
The bolt of negative energy hits the Tzitzimitl.
The Tzitzimitl completely resists.
The bolt of negative energy hits the sixfirhy.
The sixfirhy completely resists.
The bolt of negative energy hits you! You partially resist.
You feel drained.
You die...

#.3.##########
#≈e## #eE#
#2≈############
#..##.)..?.[..#
#.)##.(....)..#
#.2##|.)...)☼.#
#..##.=..).○).#
#.e##########@#
#.e# #....3#
≈..≈ #####1#
≈..≈ #2#
....e42.#
..###.1e# ##3e#
##4# #.#


You could see 2 Tzitzimimeh, a lorocyproca (summoned, invisible), a balrug
(summoned), a deep elf death mage (empowered), a deep elf demonologist
(empowered), 2 sixfirhies and a red devil (summoned).

Vanquished Creatures
  Vashnia (Snake:4)
  Bai Suzhen (Elf:3)
  Rupert (Lair:3)
  A tentacled monstrosity (Swamp:4)
  Asterion (Elf:1)
  A deep elf master archer (Elf:3)
  3 thorn hunters (Swamp:3)
  Roxanne (Swamp:1)
  3 deep elf sorcerers
  2 nagarajas (Snake:4)
  Aizul (Snake:3)
  2 deep elf elementalists (Elf:3)
  2 very ugly things (IceCv)
  A ghoul (Swamp:3)
  3 deep elf demonologists
  2 deep elf annihilators (Elf:3)
  A minotaur (Gauntlet)
  8 bunyips
  7 eleionomae
  A green death (Gauntlet)
  4 deep elf death magi
  3 deep elf high priests
  2 shambling mangroves
  An ice dragon (Swamp:4)
  4 salamander tyrants (Snake:4)
  A boulder beetle (D:12)
  Erolcha (Orc:1)
  Harold (D:7)
  4 ghost crabs
  3 caustic shrike simulacra (IceCv)
  3 catoblepae (Lair:6)
  22 naga warriors
  A spriggan air mage (Swamp:3)
  A centaur warrior (D:13)
  29 hydras
  15 anacondas
  15 alligators
  6 two-headed ogres
  30 dancing weapons
  A tengu warrior (D:13)
  12 shock serpents
  6 orc high priests
  4 spriggan berserkers (Swamp:3)
  17 death yaks
  15 naga sharpshooters
  Sonja (D:10)
  6 slime creatures
  24 deep elf knights
  7 salamander mystics
  11 goliath frogs
  A death drake (Swamp:3)
  3 bog bodies (Swamp:4)
  4 spriggan druids
  8 naga ritualists
  9 deep elf archers
  13 swamp dragons
  4 lindwurms (Snake:4)
  2 orange crystal statues (IceCv)
  12 mana vipers
  25 deep elf pyromancers
  An ugly thing (D:12)
  16 deep elf zephyrmancers
  5 orc knights (Orc:2)
  2 manticores (Lair:6)
  3 will-o-the-wisps
  20 salamanders
  An oklob plant (Lair:4)
  46 black mambas
  2 cyclopes
  Joseph (D:7)
  10 elephants
  12 guardian serpents
  A torpor snail (Lair:4)
  2 gargoyles (D:13)
  2 ice statues
  16 naga magi
  11 cane toads
  An unseen horror (D:12)
  A rime drake (Lair:5)
  4 anaconda simulacra (IceCv)
  2 kobold demonologists (D:13)
  An ice devil (Lair:3)
  3 minotaur zombies (Gauntlet)
  3 freezing wraiths (IceCv)
  7 komodo dragons
  A guardian mummy (D:11)
  A queen bee (D:10)
  2 wolf spider simulacra (Gauntlet)
  10 polar bears
  4 trolls
  A golden dragon simulacrum (IceCv)
  A bloated husk (Swamp:4)
  9 hornets
  9 tyrant leeches
  A polar bear (shapeshifter) (Elf:1)
  12 blink frogs
  7 spriggans
  A shadow (D:11)
  2 centaur simulacra (Gauntlet)
  A dire elephant simulacrum (IceCv)
  2 water elementals
  2 wraiths
  2 vampires
  5 wyverns
  3 fire bats (Orc:1)
  A basilisk (Lair:6)
  55 yaks
  2 fire elementals (Elf:2)
  14 vampire mosquitoes
  4 wargs
  15 swamp worms
  2 hydra simulacra (IceCv)
  A harpy simulacrum (IceCv)
  An acid dragon (D:11)
  29 nagas
  23 water moccasins
  5 swamp drakes
  A floating eye (shapeshifter) (Elf:1)
  11 ice beasts
  50 orc warriors
  3 black bears
  An ice dragon simulacrum (Gauntlet)
  4 necrophages
  An alligator simulacrum (IceCv)
  4 ettin simulacra (IceCv)
  10 centaurs
  13 ogres
  8 wolves (Lair:4)
  A phantom (D:7)
  5 kobold brigands
  11 bullfrogs
  2 gnoll sergeants
  3 earth elementals
  A water moccasin skeleton (D:5)
  A wyvern skeleton (D:7)
  6 wights
  27 killer bees
  3 electric eels (Lair:4)
  4 howler monkeys
  2 bullfrog zombies
  7 centaur zombies
  A human zombie (D:4)
  3 jellies (Lair:5)
  33 orc priests
  3 hounds
  A bullfrog skeleton (D:6)
  A centaur skeleton (D:7)
  5 iguanas
  33 orc wizards
  A hound zombie (D:4)
  A mummy (D:4)
  9 gnolls
  5 adders
  4 white imps
  An adder skeleton (D:5)
  An adder zombie (D:4)
  3 worms
  3 dart slugs
  106 orcs
  8 endoplasms
  4 giant cockroaches
  9 goblins
  11 hobgoblins
  9 jackals (D:1)
  33 kobolds
  5 quokkas
  7 ball pythons
  6 bats
  A frilled lizard (D:3)
  6 rats
  A briar patch (Swamp:3)
1268 creatures vanquished.

Vanquished Creatures (collateral kills)
  A deep elf blademaster (Elf:3)
  A wight (D:4)
2 creatures vanquished.

Vanquished Creatures (others)
  An eleionoma (Swamp:3)
  2 deep elf knights
  2 spriggan druids
  2 deep elf pyromancers
  A deep elf zephyrmancer (Elf:1)
  A bloated husk (Swamp:3)
  A tyrant leech (Swamp:1)
  A water elemental (Elf:3)
  3 nagas
  A ball lightning (Elf:3)
  3 briar patches (Swamp:3)
  16 foxfires
  62 fungi
  98 plants
  5 withered plants (Gauntlet)
199 creatures vanquished.

Grand Total: 1469 creatures vanquished

Notes
Turn   | Place    | Note
-------+----------+-------------------------------------------
     0 | D:1      | zeram the Gargoyle Fighter began the quest for the Orb.
     0 | D:1      | Reached XP level 1. HP: 14/14 MP: 1/1
    24 | D:1      | Reached XP level 2. HP: 8/19 MP: 2/2
   564 | D:1      | Reached XP level 3. HP: 23/23 MP: 3/3
   813 | D:1      | Reached skill level 4 in Shields
  1026 | D:1      | Found a faded altar of an unknown god.
  1266 | D:2      | Found Pece's Weapon Shoppe.
  1296 | D:2      | Reached XP level 4. HP: 26/28 MP: 4/4
  1527 | D:2      | Found Umeta's Armour Boutique.
  1912 | D:2      | Found Ziqum's Armour Shop.
  2114 | D:3      | Found a stormy altar of Qazlal.
  2157 | D:3      | Found a blossoming altar of Fedhas.
  2180 | D:3      | Noticed an oklob plant
  2210 | D:3      | Became a worshipper of Qazlal Stormbringer
  2378 | D:3      | Reached XP level 5. HP: 33/33 MP: 5/5
  2517 | D:3      | Found a snail-covered altar of Cheibriados.
  2906 | D:4      | Found a sacrificial altar of Ru.
  3069 | D:4      | Reached * piety under Qazlal
  3070 | D:4      | Noticed a black bear
  3077 | D:4      | Killed a black bear
  3078 | D:4      | Reached skill level 1 in Dodging
  3078 | D:4      | Reached XP level 6. HP: 24/38 MP: 6/6
  3460 | D:4      | Noticed a +0 falchion
  3461 | D:4      | Noticed a +0 spear
  3462 | D:4      | Noticed a +0 dagger
  3462 | D:4      | Noticed a +0 falchion
  3465 | D:4      | Noticed a +0 dagger
  3466 | D:4      | Noticed a +0 spear
  3466 | D:4      | Noticed a +0 short sword
  3466 | D:4      | Noticed a +0 short sword
  3475 | D:4      | Found a hide-covered altar of Uskayaw.
  3579 | D:4      | Reached skill level 5 in Shields
  3581 | D:4      | Noticed a necrophage
  3584 | D:4      | Killed a necrophage
  3585 | D:4      | Reached XP level 7. HP: 43/43 MP: 7/7
  3617 | D:4      | Reached skill level 5 in Maces & Flails
  3617 | D:4      | Reached skill level 5 in Armour
  3617 | D:4      | Found a basalt altar of Yredelemnul.
  3751 | D:4      | Reached ** piety under Qazlal
  3935 | D:5      | Entered Level 5 of the Dungeon
  4137 | D:5      | Reached XP level 8. HP: 46/48 MP: 8/8
  4229 | D:5      | Reached skill level 6 in Shields
  4432 | D:5      | Reached skill level 5 in Fighting
  5138 | D:6      | Found a shimmering blue altar of Sif Muna.
  5243 | D:6      | Found a transporter.
  5243 | D:6      | Noticed a two-headed ogre
  5244 | D:6      | Found a transporter.
  5246 | D:6      | Found a burning altar of Makhleb.
  5251 | D:6      | Found Okilet's Self-Improvement Boutique.
  5343 | D:6      | Found a bloodstained altar of Trog.
  5360 | D:6      | Reached *** piety under Qazlal
  5390 | D:6      | Reached skill level 7 in Shields
  5390 | D:6      | Reached XP level 9. HP: 54/54 MP: 9/9
  5634 | D:7      | Found Piopaaf's Assorted Antiques.
  5637 | D:7      | Bought a viscous green potion for 23 gold pieces
  5637 | D:7      | Bought a wand of paralysis (5) for 52 gold pieces
  5637 | D:7      | Bought a scroll of identify for 52 gold pieces
  5637 | D:7      | Bought a large wooden ring for 130 gold pieces
  5773 | D:7      | Reached skill level 8 in Shields
  5940 | D:7      | Noticed Joseph
  5940 | D:7      | Noticed Harold
  5956 | D:7      | Killed Harold
  5957 | D:7      | Reached skill level 9 in Shields
  5961 | D:7      | Reached XP level 10. HP: 37/60 MP: 10/10
  5976 | D:7      | Killed Joseph
  6108 | D:7      | Found a shadowy altar of Dithmenos.
  6254 | D:7      | Found a staircase to the Ecumenical Temple.
  6363 | D:7      | Found a sparkling altar of Nemelex Xobeh.
  6506 | D:8      | Reached **** piety under Qazlal
  6508 | D:8      | Reached skill level 10 in Shields
  6820 | D:8      | Reached ***** piety under Qazlal
  7087 | D:8      | Found a staircase to the Lair.
  7133 | D:8      | Found a white marble altar of Elyvilon.
  7616 | D:9      | Reached skill level 11 in Shields
  7616 | D:9      | Reached XP level 11. HP: 65/67 MP: 11/11
  8017 | D:9      | Found a shimmering altar of Xom.
  8018 | D:9      | Found a shimmering altar of Xom.
  8020 | D:9      | Found a shimmering altar of Xom.
  8088 | D:9      | Noticed a two-headed ogre
  8096 | D:9      | Killed a two-headed ogre
  8110 | D:9      | Reached skill level 10 in Maces & Flails
  8321 | D:9      | Noticed a two-headed ogre
  8334 | D:9      | Killed a two-headed ogre
  8516 | D:9      | Noticed a two-headed ogre
  8525 | D:9      | Killed a two-headed ogre
  8958 | D:9      | Found a shimmering altar of Xom.
  9003 | D:10     | Entered Level 10 of the Dungeon
  9266 | D:10     | Noticed Sonja
  9281 | D:10     | Killed Sonja
  9282 | D:10     | Reached skill level 12 in Shields
  9894 | D:11     | Reached XP level 12. HP: 74/74 MP: 12/12
 10224 | D:11     | Found a staircase to the Orcish Mines.
 10241 | D:11     | Noticed a seven-headed hydra
 10251 | D:11     | Killed a seven-headed hydra
 10601 | D:11     | Noticed a two-headed ogre
 10608 | D:11     | Killed a two-headed ogre
 10609 | D:11     | Reached skill level 13 in Shields
 10807 | D:11     | Found a portal to a secret trove of treasure.
 11011 | D:11     | Found a shimmering blue altar of Sif Muna.
 11036 | D:11     | Got Sif Muna's Almanac of Hexes
 11127 | D:12     | Noticed a boulder beetle
 11157 | D:12     | Killed a boulder beetle
 11189 | D:12     | Noticed a two-headed ogre
 11198 | D:12     | Killed a two-headed ogre
 11375 | D:12     | Reached skill level 10 in Armour
 11427 | D:12     | Found a gate leading to a gauntlet.
 11434 | Gauntlet | Entered a Gauntlet
 11434 | Gauntlet | Noticed a catoblepas
 11434 | Gauntlet | Noticed a green death
 11434 | Gauntlet | Found a transporter.
 11434 | Gauntlet | Found a transporter.
 11434 | Gauntlet | Found a transporter.
 11435 | Gauntlet | Found a transporter.
 11438 | Gauntlet | Found a transporter.
 11448 | Gauntlet | Noticed a soul eater
 11453 | Gauntlet | Found a transporter.
 11463 | Gauntlet | Noticed a catoblepas
 11474 | Gauntlet | Found a transporter.
 11497 | Gauntlet | Found a transporter.
 11516 | Gauntlet | Found a transporter.
 11519 | Gauntlet | Noticed a death scarab
 11522 | Gauntlet | Found a transporter.
 11540 | Gauntlet | Found a transporter.
 11591 | Gauntlet | Found a transporter.
 11785 | Gauntlet | Killed a green death
 11801 | Gauntlet | Identified the -3 cloak "Ysyorres" {rF- rN+ Will+ Dex+2}
 11974 | Gauntlet | Identified the amulet of the Many Howling Bones {Reflect
                  | Drain Str+6 SH+5}
 12006 | Gauntlet | Noticed a minotaur
 12031 | Gauntlet | Killed a minotaur
 12032 | Gauntlet | Reached skill level 14 in Shields
 12038 | Gauntlet | Identified the +5 arbalest of Ompats {freeze, rF+ rC+
                  | Will+}
 12038 | Gauntlet | Identified the +12 spear "Ytiagruf" {vamp, rF+ rC+ Str+4}
 12317 | D:12     | Reached skill level 1 in Polearms
 12484 | D:12     | Reached XP level 13. HP: 80/80 MP: 13/13
 12918 | D:13     | Found Ywif's Jewellery Emporium.
 13036 | D:13     | Reached ****** piety under Qazlal
 13076 | D:13     | Found Xoyraha's CLEARANCE SALE! EVERYTHING MUST GO!.
 13155 | D:13     | Reached skill level 5 in Polearms
 13733 | D:6      | Bought a manual of Armour for 1120 gold pieces
 13790 | Lair:1   | Entered Level 1 of the Lair of Beasts
 14843 | Lair:2   | Reached skill level 15 in Shields
 14857 | Lair:2   | Found a staircase to the Swamp.
 14985 | Lair:2   | Found a staircase to the Snake Pit.
 15632 | Lair:3   | Noticed Rupert
 15654 | Lair:3   | Gained mutation: Your large and strong wings let you fly.
                  | [Gargoyle growth]
 15654 | Lair:3   | Reached XP level 14. HP: 70/86 MP: 14/14
 15823 | Lair:3   | Killed Rupert
 16672 | Lair:4   | Found the +2 robe of Vines {NoPotionHeal Regen+++}
 16745 | Lair:4   | Reached skill level 5 in Dodging
 16759 | Lair:4   | Reached skill level 16 in Shields
 17783 | Lair:5   | Found a staircase to the Slime Pits.
 17877 | Lair:5   | Reached XP level 15. HP: 92/92 MP: 15/15
 18334 | Lair:6   | Entered Level 6 of the Lair of Beasts
 18350 | Lair:6   | Reached skill level 10 in Fighting
 18562 | Lair:6   | Reached skill level 17 in Shields
 19578 | Orc:1    | Entered Level 1 of the Orcish Mines
 19727 | Orc:1    | Noticed Erolcha
 19734 | Orc:1    | Killed Erolcha
 20553 | Orc:2    | Entered Level 2 of the Orcish Mines
 20553 | Orc:2    | Found a staircase to the Elven Halls.
 20864 | Orc:2    | Found Osyfauko's Distillery.
 20883 | Orc:2    | Bought a potion of curing for 54 gold pieces
 20883 | Orc:2    | Bought a potion of curing for 54 gold pieces
 20883 | Orc:2    | Bought a potion of curing for 54 gold pieces
 22205 | Orc:2    | Reached XP level 16. HP: 98/98 MP: 16/16
 22278 | Orc:2    | Found Ufauxoc's Assorted Antiques.
 22278 | Orc:2    | Found Guyxio's Jewellery Boutique.
 22279 | Orc:2    | Found Ingy's Assorted Antiques.
 22279 | Orc:2    | Found Qyedoofe's Magic Scroll Boutique.
 22287 | Orc:2    | Bought a potion of heal wounds for 155 gold pieces
 22290 | Orc:2    | Bought the ring "Rorrefuh" {rC+ Will+ Slay+4} for 761 gold
                  | pieces
 22749 | Orc:2    | Bought 3 potions of might for 216 gold pieces
 22749 | Orc:2    | Bought a potion of haste for 180 gold pieces
 22861 | Orc:2    | Bought a scroll of holy word for 90 gold pieces
 22861 | Orc:2    | Bought a scroll of enchant armour for 90 gold pieces
 22918 | Elf:1    | Entered Level 1 of the Elven Halls
 23002 | Elf:1    | Noticed a Tzitzimitl
 23337 | Snake:1  | Entered Level 1 of the Snake Pit
 23456 | Snake:1  | Found Tezuting's Magic Scroll Shoppe.
 23465 | Snake:1  | Bought a scroll of teleportation for 48 gold pieces
 23496 | Snake:1  | Reached skill level 18 in Shields
 23586 | Snake:1  | Identified the +1 robe of the Wilderness {+Inv rN+++ Dex-2
                  | SInv}
 23838 | Snake:1  | Found Puak Ovutizo's Weapon Shoppe.
 23894 | Snake:1  | Reached skill level 15 in Armour
 23989 | Snake:1  | Found Plog's Book Boutique.
 24026 | Snake:1  | Found Deok's Assorted Antiques.
 24034 | Snake:1  | Bought a potion of heal wounds for 150 gold pieces
 24058 | Snake:1  | Identified the +7 leather armour of the Slorg {+Blink MP+9}
 24072 | Snake:1  | Found Fine's Book Emporium.
 24888 | Snake:2  | Reached skill level 10 in Polearms
 25076 | Snake:2  | Found a burning altar of Makhleb.
 25705 | Snake:3  | Found a frozen archway.
 25718 | IceCv    | Entered an ice cave
 25767 | IceCv    | Reached XP level 17. HP: 96/104 MP: 17/17
 26369 | IceCv    | Reached skill level 19 in Shields
 26391 | IceCv    | Found the ring of the Mage {Wiz Will++ Int+3}
 26454 | IceCv    | Identified the +3 triple crossbow of Pyromania {elec, rElec
                  | Int+5}
 26609 | Snake:3  | Noticed Aizul
 26624 | Snake:3  | Killed Aizul
 27006 | Snake:4  | Entered Level 4 of the Snake Pit
 27145 | Snake:4  | HP: 4/104 [naga mage (15)]
 27651 | Snake:4  | Noticed Vashnia
 27778 | Snake:4  | Killed Vashnia
 28021 | Snake:4  | Found a runed translucent door.
 28283 | Snake:4  | Reached XP level 18. HP: 82/110 MP: 18/18
 28376 | Snake:4  | Reached skill level 20 in Shields
 28793 | Snake:4  | Got a serpentine rune of Zot
 29399 | Swamp:1  | Entered Level 1 of the Swamp
 29746 | Swamp:1  | Identified Roxanne's Tome of Transformation
 29746 | Swamp:1  | Noticed Roxanne
 29793 | Swamp:1  | Reached skill level 10 in Dodging
 30239 | Swamp:1  | Killed Roxanne
 31092 | Swamp:3  | Reached XP level 19. HP: 97/116 MP: 19/19
 31760 | Swamp:3  | Identified a scroll of acquirement
 31941 | Swamp:3  | Acquired a manual of Polearms
 32247 | Swamp:4  | Entered Level 4 of the Swamp
 32314 | Swamp:4  | Noticed a tentacled monstrosity
 32338 | Swamp:4  | Killed a tentacled monstrosity
 32884 | Swamp:4  | Got a decaying rune of Zot
 33544 | Elf:1    | Noticed an Ice Fiend
 33716 | Elf:1    | Reached XP level 20. HP: 125/125 MP: 20/20
 33809 | Elf:1    | Noticed Asterion
 33829 | Elf:1    | Killed Asterion
 34331 | Elf:1    | Reached skill level 15 in Polearms
 34753 | Elf:2    | Found Juzish's Antique Weapon Emporium.
 35416 | Elf:2    | Found a huge runed translucent gate.
 35416 | Elf:2    | Found a huge runed translucent gate.
 35417 | Elf:2    | Found a huge runed translucent gate.
 35422 | Elf:2    | Found a huge runed translucent gate.
 35422 | Elf:2    | Found a huge runed translucent gate.
 35906 | Elf:3    | Entered Level 3 of the Elven Halls
 35996 | Elf:3    | Noticed Bai Suzhen
 36036 | Elf:3    | Killed Bai Suzhen
 36388 | Elf:3    | Found the +7 captain's cutlass {speed, disarm}
 36388 | Elf:3    | Found the +7 lajatang of Order {silver, rMut}
 36431 | Elf:3    | Reached XP level 21. HP: 133/133 MP: 21/21
 36541 | Elf:3    | HP: 1/120 [deep elf death mage/bolt of negative energy
                  | (12)]
 36543 | Elf:3    | Killed from afar by a deep elf death mage

Illustrated notes

Levels and vault maps discovered:
D:1:      dpeg_arrival_rooms_with_view, layout_basic,
          shapermc_ecumenical_altar_mp_ritualfount, minmay_tromino_v4_a
D:2:      layout_basic, serial_shops, shop, shop_statue, shop,
          eino_tiny_chamber, minmay_split_cup_small
D:3:      layout_basic, cheibriados_altar_2, mainiacjoe_overflow_tiny_flanked,
          tgw_fedhas
D:4:      layout_basic, lemuel_mausoleum_altar_yredelemnul,
          nicolae_uskayaw_en_pointe, mainiacjoe_overflow_concentric_impassable,
          minmay_misc_feat_doors, st_stairs_1
D:5:      layout_basic, kennysheep_boxes, uniq_grinder
D:6:      layout_cave_pools, trog_hazing_becter,
          gammafunk_temple_overflow_arena, mainiacjoe_overflow_24_doors,
          grunt_ministairs_12, nicolae_shop_self_help
D:7:      layout_cave_pools, grunt_dithmenos_shadows,
          nemelex_spade_bored_becter, minmay_temple_entry_crystal_x,
          serial_shops, nicolae_stop_n_shop_2, uniq_harold, uniq_joseph
D:8:      minmay_goldmine, layout_loops_cross, lemuel_tele_altar,
          due_lair_maze_entry_diamond
D:9:      layout_layer_cave, xom_redecorated, st_stairs_5,
          mumra_transporter_accident
D:10:     layout_roguey [special_room_bee], uniq_sonja
D:11:     layout_roguey, orc_0_dummy, nicolae_trove_entry_path_of_doom,
          led_sif_book
D:12:     layout_roguey [special_room_orc], gauntlet_entry_generic,
          minmay_misc_feat_x
D:13:     layout_loops_ring, serial_shops, shop_fountains,
          nicolae_shop_clearance
Lair:1:   layout_small_grid, cheibrodos_lair_caveside_slide
Lair:2:   layout_regular_city, swamp_mist, minmay_snake_entry_six_corridors,
          cheibrodos_lair_lostbears
Lair:3:   layout_gridlike, ice2_lemuel, uniq_rupert
Lair:4:   layout_regular_city, serial_bayou_ford_a,
          hellmonk_guarded_unrand_vines
Lair:5:   layout_roguey, minmay_slime_entry_pillars, grunt_megastairs_2
Lair:6:   evilmike_catoblepas_cave, layout_regular_city
Swamp:1:  layout_basic_swamp, nicolae_swamp_round_clearing, uniq_roxanne
Swamp:2:  layout_basic_swamp, nicolae_swamp_tree_designs
Swamp:3:  nzn_winding_woodlands_medium [nzn_winding_woodlands_hourglass,
          nzn_winding_woodlands_5x15_crooked,
          nzn_winding_woodlands_5x5_checkerboard,
          nzn_winding_woodlands_5x5_three, nzn_winding_woodlands_center_garden,
          nzn_winding_woodlands_5x5_perimeter, nzn_winding_woodlands_5x5_cross,
          nzn_winding_woodlands_5x15_pockets,
          nzn_winding_woodlands_5x5_closed_star], layout_basic_swamp,
          evilmike_swamp_ruin_house_4
Swamp:4:  swamp_alternative, layout_basic_swamp
Snake:1:  layout_chambers, serial_shops, shop_scrolls, nicolae_shop_stone,
          shop_fountains, shop, shop_coins
Snake:2:  layout_gridlike, basic_altar, nicolae_snake_salamander_jacuzzi,
          serial_bayou_shore_b
Snake:3:  layout_misc_corridors, portal_ice_cave_entry_ice_statue_one,
          uniq_aizul
Snake:4:  snake_pit_salamanders_mu, layout_cave_town, nrook_loot_triangle,
          lightli_airlock, uniq_vashnia
Orc:1:    nicolae_orc_accident_1, layout_caves, nicolae_volcano_entry_batcave,
          nicolae_orc_pool_cavern, uniq_erolcha
Orc:2:    st_orc_pillars, layout_diamond_mine, basic_altar, serial_shops,
          nicolae_shop_waterfront, hellmonk_bongcloud_opening
Elf:1:    layout_loops_ring, hangedman_elven_crosses_minicolossus, uniq_asterion
Elf:2:    elven_hall_of_blades_hangedman_alternative [mumra_blade_entry_dagger],
          layout_onion_city, serial_shops, shop, lemuel_upstairs_altar
Elf:3:    elf_hall_gauntlet_wide, layout_loops_corners, serial_aquarium,
          aquarium_bridge_square [aquarium_subvault_bridge,
          aquarium_subvault_wall, aquarium_subvault_bridge,
          aquarium_subvault_bridge], aquarium_window_2, aquarium_window_2,
          aquarium_window_fake, aquarium_view_2d, aquarium_view_2g,
          uniq_bai_suzhen

Skill      XL: |  1  2  3  4  5  6  7  8  9 10 11 12 13 14 15 16 17 18 19 20 |
---------------+-------------------------------------------------------------+-----
Shields        | 4 5 7 9 11 12 14 15 16 17 18 19 20 | 20.8
Maces & Flails | 3 4 5 6 8 9 10 11 | 11.4
Armour         | 4 5 6 7 8 9 10 11 13 14 15 17 18 19 | 19.2
Fighting       | 4 5 7 8 9 10 11 12 13 14 | 14.8
Dodging        | 1 2 3 4 5 7 8 9 10 11 | 11.4
Polearms       | 1 6 7 9 10 11 12 14 16 | 16.9

Action                   |  1- 3 |  4- 6 |  7- 9 | 10-12 | 13-15 | 16-18 | 19-21 || total
-------------------------+-------+-------+-------+-------+-------+-------+-------++-------
Melee: Flail             |    95 |       |       |       |       |       |       ||    95
       Whip              |    19 |   175 |   259 |   663 |       |       |       ||  1116
       Spear             |       |       |       |    51 |  1581 |  2005 |  1502 ||  5139
Evoke: Wand              |       |       |       |     3 |       |     2 |       ||     5
  Use: Scroll            |     2 |     6 |     3 |    12 |    14 |     4 |     7 ||    48
       Potion            |       |       |     4 |     1 |    10 |     4 |     5 ||    24
 Stab: Paralysed         |       |       |       |     6 |       |       |     1 ||     7
       Petrified         |       |       |       |       |    16 |       |       ||    16
Armor: Scale mail        |    82 |    61 |    42 |       |       |       |       ||   185
       Plate armour      |       |       |    54 |   242 |   366 |   387 |   350 ||  1399
Dodge: Dodged            |    62 |    80 |    86 |   139 |   490 |   377 |   285 ||  1519
       Repelled          |       |       |       |       |     2 |    33 |    25 ||    60
Block: Kite shield       |    79 |    74 |   168 |   622 |  1900 |  2114 |  1277 ||  6234
       Reflection        |       |       |       |       |    30 |   181 |    84 ||   295
